 Dungeon Sprint DCSS version 0.23.2-1-ga50397a6bc (webtiles) character file.

Game seed: 17762014090735193813

1233 Kobolds4U the Fencer (level 8, 0/82 HPs)
             Began as a Minotaur Berserker on May 10, 2019.
             Was an Elder of Trog.
             Slain by a demonic crawler (6 damage)
             ... in the Dungeon (Sprint I: "Red Sonja").
             The game lasted 00:01:41 (750 turns).

Kobolds4U the Fencer (Minotaur Berserker)            Turns: 750, Time: 00:01:42

Health: 0/82       AC:  3    Str: 21    XL:     8   Next: 24%
Magic:  7/7        EV: 18    Int:  4    God:    Trog [****..]
Gold:   405        SH:  0    Dex: 13    Spells: 7/7 levels left

rFire    . . .     SeeInvis .   a - +0 falchion
rCold    . . .     Gourm    .   (no shield)
rNeg     . . .     Faith    .   k - +0 leather armour
rPois    .         Spirit   .   (helmet restricted)
rElec    .         Reflect  .   (no cloak)
rCorr    .         Harm     .   (no gloves)
MR       ++...     NoTele   +   (no boots)
Stlth    +.........             (no amulet)
HPRegen  1.23/turn              (no ring)
MPRegen  0.10/turn              (no ring)

@: regenerating
A: retaliatory headbutt, horns 2
a: Berserk, Trog's Hand, Brothers in Arms, Renounce Religion


You were in the Dungeon.
You worshipped Trog.
Trog was greatly pleased with you.
You were not hungry.

You visited 1 branch You collected 405 gold pieces.

Inventory:

Hand Weapons
 a - a +0 falchion (weapon)
Armour
 k - a +0 leather armour (worn)
Scrolls
 i - a scroll of blinking
Potions
 d - a potion of curing
 e - a potion of heal wounds
 f - a potion of haste
 g - 2 potions of magic
 h - a potion of berserk rage


   Skills:
 + Level 11.4 Fighting
 * Level 15.0 Long Blades
 - Level 2.4 Armour
 + Level 10.2 Dodging


You had 7 spell levels left.
You didn't know any spells.
Your spell library was empty.

Dungeon Overview and Level Annotations

Branches:
Dungeon (1/1)

Altars:
Cheibriados
Dithmenos
Elyvilon
Fedhas
Gozag
Hepliaklqana
Kikubaaqudgha
Makhleb
Nemelex Xobeh
Okawaru
Qazlal
Ru
Sif Muna
Trog
Uskayaw
Vehumet
Wu Jian
Xom
Yredelemnul
Zin
The Shining One
Jiyva
Lugonu

Shops:
D (


Innate Abilities, Weirdness & Mutations

You reflexively headbutt those who attack you in melee.
You have a pair of horns on your head.


Message History

The demonic crawler hits you.
* * * LOW HITPOINT WARNING * * *
The demonic crawler completely misses you.
The demonic crawler hits you.
* * * LOW HITPOINT WARNING * * *
The demonic crawler barely misses you. You furiously retaliate!
You headbutt the demonic crawler.
You riposte.
You hit the demonic crawler but do no damage.
The demonic crawler is almost dead.
The demonic crawler misses you. x2
The demonic crawler hits you but does no damage.
The demonic crawler completely misses you.
The demonic crawler misses you.
There is an open door here.
Okay, then.
You eat the ration.
That ration really hit the spot!
The demonic crawler hits you!
* * * LOW HITPOINT WARNING * * *
The demonic crawler hits you.
You die...

#####################
.)..#..'..#__#..@ss.#
.#..').#..'^.'..#s.s##+#
###'#####'#__####...'..#
##..#...#)#### #####..+
_####..##)# ##
____##'#_.+ .∩...'..._#
..__##_.#'# ____###+#(#


You could see 4 demonic crawlers.

Vanquished Creatures
  2 kobold demonologists (D)
  A slime creature (D)
  Sigmund (D)
  A yak (D)
  A floating eye (D)
  An ogre (D)
  A jelly (D)
  Ijyb (D)
9 creatures vanquished.

Notes
Turn   | Place    | Note
-------+----------+-------------------------------------------
     0 | D        | Kobolds4U the Minotaur Berserker began the quest for the
                  | Orb.
     0 | D        | Reached XP level 1. HP: 19/19 MP: 0/0
     1 | D        | Noticed Ijyb
    12 | D        | Killed Ijyb
    12 | D        | Reached skill level 5 in Fighting
    12 | D        | Reached skill level 6 in Long Blades
    12 | D        | Reached XP level 2. HP: 14/29 MP: 1/1
   169 | D        | Noticed an ogre
   172 | D        | Killed an ogre
   172 | D        | Reached skill level 8 in Long Blades
   172 | D        | Reached skill level 5 in Dodging
   172 | D        | Reached XP level 3. HP: 38/38 MP: 2/2
   172 | D        | Reached XP level 4. HP: 45/45 MP: 3/3
   185 | D        | Noticed Sigmund
   199 | D        | Killed Sigmund
   199 | D        | Reached ** piety under Trog
   199 | D        | Reached skill level 11 in Long Blades
   199 | D        | Reached XP level 5. HP: 41/55 MP: 4/4
   199 | D        | Reached XP level 6. HP: 46/62 MP: 5/5
   286 | D        | Found an ornate altar of the Wu Jian Council.
   286 | D        | Found a deep blue altar of Sif Muna.
   288 | D        | Found a radiant altar of Vehumet.
   352 | D        | Found Ymaig's Weapon Emporium.
   352 | D        | Found an ancient bone altar of Kikubaaqudgha.
   352 | D        | Found a hazy altar of Hepliaklqana.
   352 | D        | Found a stormy altar of Qazlal.
   352 | D        | Found a hide-covered altar of Uskayaw.
   352 | D        | Found a blossoming altar of Fedhas.
   352 | D        | Found a bloodstained altar of Trog.
   352 | D        | Found an iron altar of Okawaru.
   352 | D        | Found a basalt altar of Yredelemnul.
   352 | D        | Found a glowing golden altar of the Shining One.
   352 | D        | Found a snail-covered altar of Cheibriados.
   352 | D        | Found a sacrificial altar of Ru.
   352 | D        | Found a glowing silver altar of Zin.
   352 | D        | Found a shadowy altar of Dithmenos.
   352 | D        | Found a white marble altar of Elyvilon.
   352 | D        | Noticed a yak
   359 | D        | Killed a yak
   359 | D        | Reached skill level 12 in Long Blades
   360 | D        | Found an opulent altar of Gozag.
   361 | D        | Found a sparkling altar of Nemelex Xobeh.
   441 | D        | Found a viscous altar of Jiyva.
   441 | D        | Found a corrupted altar of Lugonu.
   441 | D        | Noticed a slime creature
   442 | D        | Found a burning altar of Makhleb.
   442 | D        | Found a shimmering altar of Xom.
   452 | D        | Killed a slime creature
   452 | D        | Reached *** piety under Trog
   452 | D        | Reached skill level 10 in Fighting
   452 | D        | Reached skill level 13 in Long Blades
   452 | D        | Reached XP level 7. HP: 22/72 MP: 6/6
   690 | D        | Noticed a kobold demonologist
   690 | D        | Noticed a kobold demonologist
   693 | D        | Noticed a red devil
   694 | D        | Noticed a soul eater
   698 | D        | Killed a kobold demonologist
   698 | D        | Reached skill level 14 in Long Blades
   703 | D        | Killed a kobold demonologist
   703 | D        | Reached **** piety under Trog
   703 | D        | Reached skill level 15 in Long Blades
   703 | D        | Reached skill level 10 in Dodging
   703 | D        | Reached XP level 8. HP: 82/82 MP: 7/7
   737 | D        | Noticed a demonic crawler
   737 | D        | Noticed a demonic crawler
   737 | D        | Noticed a demonic crawler
   737 | D        | Noticed a demonic crawler
   750 | D        | Slain by a demonic crawler

Skill      XL: |  1  2  3  4  5  6  7 |
---------------+----------------------+-----
Fighting       | 5 6 8 10 11 | 11.4
Long Blades    | 6 8 11 13 15 | 15.0
Dodging        | 3 5 7 8 10 | 10.2
Armour         | |  2.4

Action                   |  1- 3 |  4- 6 |  7- 9 || total
-------------------------+-------+-------+-------++-------
Melee: Falchion          |    12 |    29 |    17 ||    58
       Headbutt          |     2 |    10 |     7 ||    19
Invok: Berserk           |     1 |       |     1 ||     2
       Trog's Hand       |       |       |     1 ||     1
  Eat: Ration            |       |       |     1 ||     1
Armor: Leather armour    |       |     2 |     7 ||     9
Dodge: Dodged            |     6 |    15 |    33 ||    54
       Rpst.: Falchion   |     1 |     3 |     4 ||     8
